 Dungeon Crawl Stone Soup version 0.29.1-1-gd02db6906a (webtiles) character file.

Game seed: 292681720830198414

2024 safid the Skirmisher (level 9, -5/69 HPs)
             Began as a Minotaur Hunter on Sept 27, 2022.
             Was a Believer of Okawaru.
             Slain by a manticore (9 damage)
             ... on level 7 of the Dungeon.
             The game lasted 00:10:24 (6852 turns).

safid the Skirmisher (Minotaur Hunter)              Turns: 6852, Time: 00:10:25

Health: -5/69      AC:  5    Str: 17    XL:     9   Next: 3%
Magic:  8/8        EV: 12    Int:  6    God:    Okawaru [**....]
Gold:   400        SH:  0    Dex: 17    Spells: 8/8 levels left

rFire   . . .      SeeInvis .   a - +0 shortbow
rCold   . . .      Faith    .   (shield currently unavailable)
rNeg    . . .      Spirit   .   c - +0 leather armour
rPois   +          Reflect  .   (helmet restricted)
rElec   .          Harm     .   (no cloak)
rCorr   .          Rampage  .   j - +0 pair of gloves
Will    .....                   q - +0 pair of boots
Stlth   ++........              (no amulet)
HPRegen 0.21/turn               y - ring of poison resistance
MPRegen 0.11/turn               (no ring)

@: about to teleport
A: horns 2, retaliatory headbutt
a: Renounce Religion, Heroism


You were on level 7 of the Dungeon.
You worshipped Okawaru.
Okawaru was pleased with you.
You visited 2 branches of the dungeon, and saw 8 of its levels.

You collected 400 gold pieces.

Inventory:

Hand Weapons
 a - a +0 shortbow (weapon)
Armour
 c - a +0 leather armour (worn)
 j - a +0 pair of gloves (worn)
 q - a +0 pair of boots (worn)
Jewellery
 o - an amulet of the acrobat
 y - a ring of poison resistance (left hand)
Wands
 b - a wand of paralysis (6)
 t - a wand of flame (2)
Scrolls
 d - 3 scrolls of teleportation
 m - a scroll of brand weapon {unknown}
 n - a scroll of magic mapping
 r - a scroll of acquirement {unknown}
 u - a scroll of enchant weapon {unknown}
 v - a scroll of summoning {unknown}
 w - a scroll of poison {unknown}
 z - a scroll of noise {unknown}
 A - a scroll of enchant armour {unknown}
Potions
 e - 2 potions of curing
 g - 3 potions of degeneration
 h - 6 potions of brilliance
 i - a potion of lignification {unknown}
 k - 3 potions of flight
 l - 2 potions of attraction {unknown}
 p - 2 potions of invisibility {unknown}
 s - a potion of resistance {unknown}
 x - a potion of cancellation {unknown}


   Skills:
 - Level 3.0 Fighting
 + Level 13.4 Ranged Weapons
 - Level 2.1 Dodging
 - Level 0.7 Stealth


You had 8 spell levels left.
You didn't know any spells.
Your spell library contained the following spells:

 Spells                   Type           Power      Damage    Failure   Level
 Slow                     Hex            0%         N/A       52%         1
 Confusing Touch          Hex            0%         N/A       88%         3
 Vampiric Draining        Necr           0%         2d6       88%         3
 Anguish                  Hex/Necr       0%         N/A       99%         4
 Enfeeble                 Hex            0%         N/A       100%        7


Dungeon Overview and Level Annotations

Branches:
Dungeon (7/15)             Temple (1/1) D:5

Altars:
Ashenzari
Cheibriados
Dithmenos
Fedhas
Gozag
Hepliaklqana
Kikubaaqudgha
Makhleb
Nemelex Xobeh
Okawaru
Qazlal
Ru
Trog
Uskayaw
Vehumet
Wu Jian
Xom
Yredelemnul
Zin
The Shining One

Annotations:
D:4 Dowan, Duvessa


Innate Abilities, Weirdness & Mutations

You have a pair of horns on your head.
You reflexively headbutt those who attack you in melee.


Message History

A manticore comes into view.
You shoot an arrow. The arrow hits the manticore!
The manticore is lightly wounded.
You shoot an arrow. The arrow hits the manticore.
The manticore is moderately wounded.
You shoot an arrow. The arrow hits the manticore.
The manticore is moderately wounded.
The manticore bites you!! The manticore claws you! x2
You are too injured to fight recklessly!
You are too injured to fight recklessly!
You are too injured to fight recklessly!
You are too injured to fight recklessly!
Unknown command.
Fire: a) +0 shortbow
Press: ? - help, Q - select action, (/) - cycle Shift-Dir - straight line, f/p - manticore
Aim: a manticore (moderately wounded, 76% to hit)
You shoot an arrow.
The arrow hits the manticore but does no damage.
The manticore is moderately wounded.
The manticore closely misses you. The manticore barely misses you.
The manticore claws you!
* * * LOW HITPOINT WARNING * * *
You feel much better. The manticore bites you! The manticore claws you.
* * * LOW HITPOINT WARNING * * *
The manticore claws you.
* * * LOW HITPOINT WARNING * * *
You feel much better. The manticore bites you!! The manticore claws you.
* * * LOW HITPOINT WARNING * * *
The manticore claws you!
* * * LOW HITPOINT WARNING * * *
Unknown command.
You feel much better. The manticore bites you!!
* * * LOW HITPOINT WARNING * * *
The manticore barely misses you. The manticore claws you!
* * * LOW HITPOINT WARNING * * *
As you read the scroll labelled ZAIWKU FIRAYPN, it crumbles to dust.
You feel strangely unstable.
It was a scroll of teleportation.
The manticore bites you but does no damage.
The manticore claws you!
You die...

###.#######
#...###...##
.###.#.....# .#
#...#...#...# .#
#...##### ..# . .#
#...#...#...# .#.#
.###.#.....#.### #..
#...###...###...##.#
.....#.###.#...H@#.#
#...#...#...#...#..#
#####...# #####..#
#...#...# .# ..#..##
.....#.###.#.?...#..#
#...###...###...###.#
.###.#.....#.###.##.#
#...#...#.. #...#.#
#.†.##### ..#...#.#


You could see a manticore.

Vanquished Creatures
  Grinder (D:6)
  A shadow (D:6)
  A yak (D:6)
  Menkaure (D:4)
  An acid dragon (D:6)
  2 black bears
  2 centaurs (D:6)
  3 bullfrogs (D:6)
  A necrophage (D:4)
  2 scorpions
  A wight (D:6)
  A howler monkey (D:4)
  3 orc priests
  3 hounds (D:5)
  A jelly (D:6)
  3 iguanas
  2 orc wizards (D:5)
  Terence (D:3)
  10 adders
  2 ufetubi
  2 worms (D:2)
  4 dart slugs
  13 orcs
  5 endoplasms
  3 goblins
  4 hobgoblins
  3 quokkas
  9 ball pythons
  7 bats
  7 frilled lizards
  5 kobolds
  5 rats
109 creatures vanquished.

Notes
Turn   | Place    | Note
-------+----------+-------------------------------------------
     0 | D:1      | safid the Minotaur Hunter began the quest for the Orb.
     0 | D:1      | Reached XP level 1. HP: 18/18 MP: 0/0
   170 | D:1      | Found a faded altar of an unknown god.
   191 | D:1      | Reached XP level 2. HP: 25/25 MP: 1/1
   254 | D:1      | Reached skill level 5 in Ranged Weapons
   652 | D:2      | Reached XP level 3. HP: 31/31 MP: 2/2
   966 | D:2      | Identified the +0 robe of Ragruer {rC+}
  1554 | D:3      | Reached skill level 6 in Ranged Weapons
  1554 | D:3      | Reached XP level 4. HP: 16/38 MP: 3/3
  2215 | D:3      | Noticed Terence
  2226 | D:3      | Killed Terence
  2227 | D:3      | Reached XP level 5. HP: 22/45 MP: 4/4
  2655 | D:3      | Reached skill level 7 in Ranged Weapons
  2656 | D:3      | Found a blossoming altar of Fedhas.
  2656 | D:3      | Found a basalt altar of Yredelemnul.
  2664 | D:3      | Found a faded altar of an unknown god.
  2666 | D:3      | Found a stormy altar of Qazlal.
  2668 | D:3      | Found a shimmering altar of Xom.
  2811 | D:4      | Found a sparkling altar of Nemelex Xobeh.
  3129 | D:4      | Reached XP level 6. HP: 51/51 MP: 5/5
  3170 | D:4      | Reached skill level 8 in Ranged Weapons
  3256 | D:4      | Noticed Menkaure
  3267 | D:4      | Killed Menkaure
  3619 | D:5      | Entered Level 5 of the Dungeon
  3625 | D:5      | Reached skill level 9 in Ranged Weapons
  3735 | D:5      | Reached XP level 7. HP: 57/57 MP: 6/6
  3787 | D:5      | Noticed Duvessa
  3788 | D:5      | Noticed Dowan
  4851 | D:5      | Reached skill level 10 in Ranged Weapons
  4893 | D:5      | Found a staircase to the Ecumenical Temple.
  4902 | Temple   | Entered the Ecumenical Temple
  4909 | Temple   | Became a worshipper of Warmaster Okawaru
  5219 | D:6      | Noticed a yak
  5275 | D:6      | Noticed a shadow
  5303 | D:5      | Reached XP level 8. HP: 54/63 MP: 7/7
  5340 | D:6      | Reached skill level 11 in Ranged Weapons
  5512 | D:6      | Reached * piety under Okawaru
  5764 | D:6      | Noticed Grinder
  5777 | D:6      | Paralysed by Grinder for 5 turns
  5786 | D:6      | Killed Grinder
  5787 | D:6      | Reached skill level 12 in Ranged Weapons
  6462 | D:6      | Reached skill level 13 in Ranged Weapons
  6618 | D:6      | Reached ** piety under Okawaru
  6782 | D:7      | Reached XP level 9. HP: 69/69 MP: 8/8
  6844 | D:7      | Noticed a manticore
  6852 | D:7      | Slain by a manticore

Illustrated notes

Levels and vault maps discovered:
D:1:      eino_arrival_water_star, layout_basic, shapermc_ecumenical_altar_venn
D:2:      layout_loops_ring, dreamdust_mushroom_princess
D:3:      layout_basic, chequers_temple_overflow_minitemple, uniq_terence
D:4:      layout_loops_ring, mainiacjoe_overflow_concentric_impassable,
          dreamdust_wishing_well, eino_tiny_chamber, serial_bayou_pond_d,
          uniq_menkaure
D:5:      layout_cave_pools, temple_hall, uniq_duvessa
D:6:      minmay_chambers_of_sixes, layout_cave_pods, uniq_grinder
D:7:      nicolae_cairo_tiling, layout_basic, old_standard_altar
Temple:   nicolae_temple_no_exploring_needed

Skill      XL: |  1  2  3  4  5  6  7  8 |
---------------+-------------------------+-----
Fighting       | 3 |  3.0
Ranged Weapons | 5 6 7 9 10 13 | 13.4
Dodging        | |  2.1
Stealth        | |  0.7

Action                   |  1- 3 |  4- 6 |  7- 9 || total
-------------------------+-------+-------+-------++-------
 Fire: Shortbow          |   147 |   114 |   190 ||   451
  Use: Scroll            |       |       |     7 ||     7
       Potion            |       |       |     6 ||     6
Armor: Leather armour    |    19 |    20 |    28 ||    67
Dodge: Dodged            |    44 |    31 |    80 ||   155
